[Event "Titled Tuesday Blitz February 14 Early 2023"]
[White "Kaidanov, Gregory"]
[Black "Broca Jimenez, Fernando"]
[WhiteFideId "2008564"]
[BlackFideId "5104742"]
[WhiteElo "2559"]
[BlackElo "2075"]
[Result "1-0"]
[Round "01"]
[TimeControl "180+2"]
[Date "2023.02.15"]
[WhiteClock "0:00:17"]
[BlackClock "0:00:07"]

1. d4 Nf6 2. c4 e6 3. Nc3 Bb4 4. e3 O-O 5. Bd3 c5 6. Nf3 d5 7. O-O Nc6 8. a3 cxd4 9. axb4 dxc3 10. bxc3 Qc7 11. Qe2 Bd7 12. Bb2 dxc4 13. Bxc4 a6 14. Bd3 Rfc8 15. Rfd1 Rd8 16. Rac1 Rac8 17. h3 Ne5 18. Nxe5 Qxe5 19. c4 Qg5 20. e4 Bc6 21. Bb1 e5 22. b5 Bd7 23. Ba3 Nh5 24. Qf3 Nf4 25. Kh2 Be6 26. bxa6 bxa6 27. c5 h5 28. Rxd8+ Rxd8 29. c6 Rc8 30. c7 g6 31. Rc5 h4 32. Bb2 f6 33. Bc1 Kf7 34. Bc2 Qh5 35. Qxh5 Nxh5 36. Bd3 Ke7 37. Bxa6 Kd6 38. Bxc8 Bxc8 39. Ba3 Ng7 40. Rc1+ Kd7 41. Rd1+ Kxc7 42. Be7 Ne8 43. Bd8+ Kc6 44. g3 Bd7 45. gxh4 f5 46. exf5 Bxf5 47. Kg3 Nd6 48. Bg5 Ne4+ 49. Kg2 Nc5 50. Rc1 Kd5 51. Be3 Nd3 52. Rc7 Ke4 53. Kg3 Ne1 54. Rc4+ Kd3 55. Ra4 Ke2 56. Ra6 Nd3 57. h5 gxh5 58. h4 Bg4 59. Rf6 Ne1 60. Bg5 Nf3 61. Ra6 Kd3 62. Ra3+ Ke4 63. Re3+ Kf5 64. Rxf3+ Bxf3 65. Kxf3 e4+ 66. Ke3 Kg4 67. Kxe4 1-0


[Site "https://www.chess.com"]

[Event "Titled Tuesday Blitz February 14 Early 2023"]
[White "Torres Dominguez, David"]
[Black "Biastoch, Bennet"]
[WhiteFideId "2220857"]
[BlackFideId "12939889"]
[WhiteElo "1994"]
[BlackElo "2257"]
[Result "0-1"]
[Round "01"]
[TimeControl "180+2"]
[Date "2023.02.15"]
[WhiteClock "0:00:18"]
[BlackClock "0:00:34"]

1. e4 c5 2. Nc3 a6 3. Nf3 d6 4. d4 cxd4 5. Nxd4 Nf6 6. f4 e5 7. Nf3 Nbd7 8. a4 Be7 9. Bd3 O-O 10. O-O Qc7 11. Qe1 exf4 12. Bxf4 Qb6+ 13. Kh1 Qxb2 14. Rb1 Qa3 15. Nh4 Nc5 16. Bc1 Nxd3 17. cxd3 Qc5 18. Nf5 Bxf5 19. Rxf5 Qd4 20. Rf3 Rfe8 21. Bb2 Qb4 22. Ba1 Qc5 23. d4 Qc7 24. Qf1 Rac8 25. a5 Qxa5 26. Rxf6 Bxf6 27. Nd5 Qd8 28. Rxb7 Rxe4 29. h3 h6 30. Qf5 Rc1+ 31. Kh2 Ree1 32. Nxf6+ gxf6 33. Bb2 Rh1+ 34. Kg3 Rcf1 35. Qg4+ Kf8 36. d5 Qe8 0-1


[Site "https://www.chess.com"]

[Event "Titled Tuesday Blitz February 14 Early 2023"]
[White "Arencibia Monduy, Antonio"]
[Black "Aung Thant Zin"]
[WhiteFideId "3507939"]
[BlackFideId "13000063"]
[WhiteElo "2122"]
[BlackElo "2268"]
[Result "1-0"]
[Round "01"]
[TimeControl "180+2"]
[Date "2023.02.15"]
[WhiteClock "0:00:05"]
[BlackClock "0:00:02"]

1. e4 c5 2. Nf3 Nc6 3. Bc4 d6 4. d3 Nf6 5. c3 e6 6. O-O Be7 7. Re1 O-O 8. Bb3 b6 9. Nbd2 Bb7 10. Nf1 Qc7 11. Ng3 Rad8 12. Qe2 Rfe8 13. h3 h6 14. Bf4 Ne5 15. Rad1 Ba6 16. Qe3 Nxd3 17. Rxd3 c4 18. Rd2 cxb3 19. axb3 Bc8 20. Red1 e5 21. Bxh6 gxh6 22. Qxh6 Nh7 23. Rd3 Bf8 24. Qd2 Qe7 25. c4 Kh8 26. b4 Bg7 27. c5 bxc5 28. bxc5 Be6 29. cxd6 Qd7 30. Nh4 Rg8 31. Nhf5 Bf8 32. Rc3 Bxf5 33. Nxf5 Qe6 34. Qd5 Ng5 35. Qd3 f6 36. Kh2 Rd7 37. Rc6 Nf7 38. Qf3 Nxd6 39. Nxd6 Rxd6 40. Rcxd6 Bxd6 41. Qh5+ Kg7 42. Rd3 Kf8 43. Qh6+ Ke8 44. Rc3 Qd7 45. Qh5+ Ke7 46. Qh7+ Kf8 47. Qxd7 Rxg2+ 48. Kxg2 Bc5 49. Kf1 Bd4 50. Qc8+ Kg7 51. Rc6 Kg6 52. Qd7 Kg5 53. Qf5+ Kh4 54. Qg4# 1-0


[Site "https://www.chess.com"]

[Event "Titled Tuesday Blitz February 14 Early 2023"]
[White "Larina, Maria"]
[Black "Jeet, Jain"]
[WhiteFideId "24113182"]
[BlackFideId "5073022"]
[WhiteElo "1948"]
[BlackElo "2199"]
[Result "0-1"]
[Round "01"]
[TimeControl "180+2"]
[Date "2023.02.15"]
[WhiteClock "0:00:07"]
[BlackClock "0:00:39"]

1. e4 c6 2. d4 d5 3. f3 g6 4. Nc3 Bg7 5. Be3 Nf6 6. Nge2 O-O 7. Ng3 Qb6 8. e5 Nfd7 9. Qd2 e6 10. h4 c5 11. h5 cxd4 12. Bxd4 Qa5 13. hxg6 fxg6 14. f4 Nc6 15. O-O-O Nxd4 16. Qxd4 Rb8 17. Kb1 b5 18. Bd3 b4 19. Nce2 Ba6 20. Rh3 Bxd3 21. Rxd3 Qc5 22. Rd1 Qxd4 23. Nxd4 Nc5 24. Nge2 h5 25. g3 Rb6 26. Nc1 Ne4 27. Nd3 a5 28. Kc1 a4 29. Rg1 Rc8 30. Kb1 Rc4 31. g4 Rxd4 32. gxh5 gxh5 33. Rxh5 b3 34. axb3 axb3 35. Ne1 Rd1# 0-1


[Site "https://www.chess.com"]

[Event "Titled Tuesday Blitz February 14 Early 2023"]
[White "Di Nicolantonio, Lucas"]
[Black "Kiseleva, Arina"]
[WhiteFideId "680460"]
[BlackFideId "4164989"]
[WhiteElo "2376"]
[BlackElo "1962"]
[Result "1-0"]
[Round "01"]
[TimeControl "180+2"]
[Date "2023.02.15"]
[WhiteClock "0:01:01"]
[BlackClock "0:00:05"]

1. Nf3 d5 2. e3 c6 3. c4 Nf6 4. Nc3 e6 5. b3 Bd6 6. Bb2 O-O 7. Be2 Nbd7 8. Qc2 Re8 9. Rg1 e5 10. g4 e4 11. g5 exf3 12. gxf6 Nxf6 13. Bxf3 Be5 14. O-O-O a5 15. Kb1 a4 16. Nxa4 b5 17. cxb5 cxb5 18. Nc5 Bxb2 19. Qxb2 Bf5+ 20. d3 b4 21. e4 Bg6 22. e5 Nd7 23. Nxd7 Qxd7 24. Rg4 Re6 25. Rxb4 Rea6 26. a4 Qf5 27. Bg4 Qg5 28. h4 Qxh4 29. e6 Qf6 30. Qxf6 gxf6 31. e7 Re8 32. Rb7 Re6 33. Bxe6 fxe6 34. a5 Kf7 35. a6 Ra8 36. a7 Ke8 37. Rb8+ 1-0


[Site "https://www.chess.com"]

[Event "Titled Tuesday Blitz February 14 Early 2023"]
[White "Sailer, Mike"]
[Black "Kumala, Aleksander"]
[WhiteFideId "2012901"]
[BlackFideId "1141880"]
[WhiteElo "2109"]
[BlackElo "2165"]
[Result "0-1"]
[Round "01"]
[TimeControl "180+2"]
[Date "2023.02.15"]
[WhiteClock "0:00:03"]
[BlackClock "0:00:02"]

1. d4 Nf6 2. Nf3 e6 3. Bf4 c5 4. e3 Qb6 5. b3 Nc6 6. Be2 cxd4 7. exd4 Nd5 8. Bg3 Bb4+ 9. Kf1 Nc3 10. Nxc3 Bxc3 11. Rb1 Nxd4 12. Nxd4 Qxd4 13. Qc1 O-O 14. h4 d6 15. h5 h6 16. Rh4 Qf6 17. Rf4 Qe7 18. Rc4 Be5 19. Bxe5 dxe5 20. Qe3 f6 21. Rd1 b5 22. Rc5 a6 23. Qc3 Rd8 24. Rc7 Rxd1+ 25. Bxd1 Qd6 26. Bf3 b4 27. Rxc8+ Rxc8 28. Qxc8+ Kh7 29. Qe8 f5 30. Qg6+ Kg8 31. Qe8+ Kh7 32. Qc8 e4 33. Be2 Qf4 34. g3 Qc1+ 35. Kg2 Qd2 36. Qc4 a5 37. Bf1 e3 38. Qe2 Qd5+ 39. Kg1 exf2+ 40. Qxf2 Qe5 41. Bd3 Qa1+ 42. Kg2 Qe5 43. Qe2 Qd5+ 44. Kh2 Qd6 45. Qe3 Kh8 46. Qf4 Qd5 47. Bc4 Qc6 48. Qe5 Qf3 49. Qe2 Qc3 50. Bxe6 f4 51. gxf4 Qf6 52. f5 Qh4+ 53. Kg2 Qg5+ 54. Kf2 Qh4+ 55. Kf1 Qh1+ 56. Kf2 Qh4+ 57. Ke3 Qg3+ 58. Kd2 Qf4+ 59. Kd1 Qd4+ 60. Kc1 Qa1+ 61. Kd2 Qd4+ 62. Qd3 Qf2+ 63. Kc1 Qf4+ 64. Kb2 Qe5+ 65. c3 Qh2+ 66. Qc2 bxc3+ 67. Kxc3 Qe5+ 68. Kd2 Qf4+ 69. Kd1 Qf1+ 70. Kd2 Qf4+ 71. Kd3 Qf3+ 72. Kc4 Qc6+ 73. Kd3 Qf3+ 74. Kd4 Qf4+ 75. Kd5 Qf3+ 76. Qe4 Qd1+ 77. Qd4 Qxh5 78. Kc5 Qg5 79. Qd6 Qe3+ 80. Kb5 Qe2+ 81. Kc6 Qe4+ 82. Kd7 Qb7+ 83. Qc7 Qb5+ 84. Ke7 Qb4+ 85. Kf7 Kh7 86. Qe7 Qb8 87. f6 Qg8# 0-1


[Site "https://www.chess.com"]

[Event "Titled Tuesday Blitz February 14 Early 2023"]
[White "Bilan, Danila"]
[Black "Kuchava, Ana"]
[WhiteFideId "24161918"]
[BlackFideId "13605348"]
[WhiteElo "2303"]
[BlackElo "2101"]
[Result "1-0"]
[Round "01"]
[TimeControl "180+2"]
[Date "2023.02.15"]
[WhiteClock "0:00:13"]
[BlackClock "0:00:02"]

1. d4 d5 2. Nf3 Nf6 3. c4 e6 4. Nc3 Be7 5. Bf4 c5 6. e3 O-O 7. Be2 Nc6 8. O-O cxd4 9. Nxd4 Bd7 10. cxd5 Nxd5 11. Nxd5 exd5 12. Bf3 Be6 13. Rc1 Rc8 14. Nxe6 fxe6 15. Bg4 Rf6 16. Qb3 Na5 17. Qd3 Nc4 18. b3 Nd6 19. Rxc8 Nxc8 20. Rc1 Nd6 21. Qd4 a6 22. h3 Qf8 23. Rc7 Nb5 24. Qb6 Nxc7 25. Qxc7 b5 26. Qe5 Qc8 27. Bg5 Qc1+ 28. Kh2 Qc6 29. Bxf6 Bd6 30. Bxg7 Bxe5+ 31. Bxe5 Qc2 32. Bxe6+ Kf8 33. b4 Qxa2 34. Bd6+ Ke8 35. e4 Qxf2 36. Bxd5 Qb2 37. e5 Qa1 38. e6 a5 39. Bc6+ Kd8 40. e7+ Kc8 41. e8=Q# 1-0


[Site "https://www.chess.com"]

[Event "Titled Tuesday Blitz February 14 Early 2023"]
[White "Michalski, Olaf"]
[Black "Lucassen, Mickey"]
[WhiteFideId "1106740"]
[BlackFideId "12919110"]
[WhiteElo "2273"]
[BlackElo "2023"]
[Result "0-1"]
[Round "01"]
[TimeControl "180+2"]
[Date "2023.02.15"]
[WhiteClock "0:00:01"]
[BlackClock "0:00:47"]

1. d4 Nf6 2. c4 g6 3. Nc3 d5 4. cxd5 Nxd5 5. e4 Nxc3 6. bxc3 Bg7 7. Be3 c5 8. Qd2 Qa5 9. Rc1 O-O 10. Nf3 Bg4 11. d5 c4 12. Nd4 Na6 13. f3 Bd7 14. Bxc4 Rac8 15. Be2 Nc5 16. O-O Na4 17. Nb3 Qc7 18. c4 b6 19. Bd4 e5 20. Be3 f5 21. Rfd1 Qd6 22. exf5 gxf5 23. Qe1 f4 24. Bf2 Bf5 25. Qd2 Bh6 26. Bd3 Bxd3 27. Qxd3 Nb2 28. Qe4 Nxd1 29. Rxd1 a5 30. Re1 a4 31. Nd2 Bg7 32. Qd3 Qb4 33. h3 Qb2 0-1


[Site "https://www.chess.com"]

[Event "Titled Tuesday Blitz February 14 Early 2023"]
[White "Zubarev, Alexander"]
[Black "Bongo Akanga Ndjila, Barthelemy"]
[WhiteFideId "14104385"]
[BlackFideId "10609431"]
[WhiteElo "2372"]
[BlackElo "1824"]
[Result "1-0"]
[Round "01"]
[TimeControl "180+2"]
[Date "2023.02.15"]
[WhiteClock "0:01:25"]
[BlackClock "0:00:06"]

1. e4 e6 2. d4 d5 3. Nd2 Nf6 4. e5 Nfd7 5. Bd3 c5 6. c3 Nc6 7. Ne2 a6 8. O-O b5 9. f4 cxd4 10. cxd4 Qb6 11. Nf3 Be7 12. Kh1 O-O 13. f5 exf5 14. Nf4 Nxd4 15. Nxd5 Qc5 16. Nxe7+ Qxe7 17. Nxd4 Nxe5 18. Nxf5 Qd8 19. Be4 Qxd1 20. Rxd1 Ra7 21. Be3 Rc7 22. Bb6 Rc4 23. Nd6 Rb4 24. Bc5 Rxb2 25. Bd4 Re2 26. Bxe5 f5 27. Bd5+ Kh8 28. Nf7+ 1-0


[Site "https://www.chess.com"]

[Event "Titled Tuesday Blitz February 14 Early 2023"]
[White "Levine, David"]
[Black "Cella, Glaucio Dalla Cortt"]
[WhiteFideId "2011611"]
[BlackFideId "2119455"]
[WhiteElo "2040"]
[BlackElo "1894"]
[Result "0-1"]
[Round "01"]
[TimeControl "180+2"]
[Date "2023.02.15"]
[WhiteClock "0:00:07"]
[BlackClock "0:00:46"]

1. d4 Nf6 2. c4 e5 3. dxe5 Ng4 4. Bf4 Nc6 5. Nf3 Bb4+ 6. Nbd2 Qe7 7. e3 Ngxe5 8. Nxe5 Nxe5 9. Be2 d6 10. O-O a5 11. Nb3 a4 12. Nd4 a3 13. b3 O-O 14. Qc2 Re8 15. Rad1 Qh4 16. Bg3 Qe7 17. Nf3 Nxf3+ 18. Bxf3 Qf6 19. Be4 h5 20. h3 Ra5 21. Rd5 b6 22. Rxa5 Bxa5 23. Rd1 Bd7 24. Qd3 g6 25. Bf3 Bb4 26. Qd4 Qxd4 27. Rxd4 Bc3 28. Rd3 Bf6 29. Kf1 h4 30. Bh2 Bb2 31. Ke2 Bf5 32. Rd1 Bc2 33. Rd2 Bxb3 34. Bc6 Bxc4+ 35. Kf3 Rb8 36. Bd5 Bc3 37. Rd1 Bxd5+ 38. Rxd5 b5 39. Ke2 b4 40. Kd3 b3 41. Kxc3 bxa2 42. Rd1 Rb1 0-1


[Site "https://www.chess.com"]

[Event "Titled Tuesday Blitz February 14 Early 2023"]
[White "Jaskolka, Tomasz"]
[Black "Osuna Vega, Enrique"]
[WhiteFideId "1170791"]
[BlackFideId "2219549"]
[WhiteElo "2238"]
[BlackElo "2061"]
[Result "1-0"]
[Round "01"]
[TimeControl "180+2"]
[Date "2023.02.15"]
[WhiteClock "0:00:04"]
[BlackClock "0:00:08"]

1. d4 c6 2. c4 b5 3. e4 bxc4 4. Bxc4 d5 5. Bd3 e6 6. Nc3 Nf6 7. e5 Nfd7 8. Nf3 c5 9. Bf4 Nc6 10. Bb5 Qb6 11. Bxc6 Qxc6 12. O-O Be7 13. Re1 Rb8 14. Qd2 O-O 15. Rac1 Qa6 16. h4 cxd4 17. Qxd4 Rb4 18. Qd2 Nb6 19. b3 Bd7 20. Bg5 Bc5 21. Nxd5 Bxf2+ 22. Kxf2 Nxd5 23. Be7 Nxe7 24. Qxb4 Nd5 25. Qd2 Qb7 26. Rc2 a6 27. Rec1 Bb5 28. Nd4 h6 29. Nxb5 Qxb5 30. Rc5 Qb8 31. Qd4 Rd8 32. Kg1 Qb7 33. Qe4 Qe7 34. g3 Qb7 35. Kh2 Qb6 36. R1c4 Qa7 37. Qf3 Qb6 38. a3 Qa7 39. b4 Qb6 40. Rc6 Qa7 41. Rd6 Rf8 42. a4 Qe7 43. b5 axb5 44. axb5 Qb7 45. Rc5 Ra8 46. Rdc6 Ra2+ 47. Kh3 Ra8 48. Qe4 g6 49. Qc4 Rd8 50. Rc8 Rxc8 51. Rxc8+ Kg7 52. Qc5 Qb6 53. Qf8+ Kh7 54. Qh8# 1-0


[Site "https://www.chess.com"]

[Event "Titled Tuesday Blitz February 14 Early 2023"]
[White "Delorme, Alban"]
[Black "Avalos Parra, Joao"]
[WhiteFideId "623636"]
[BlackFideId "3402541"]
[WhiteElo "2298"]
[BlackElo "2185"]
[Result "0-1"]
[Round "01"]
[TimeControl "180+2"]
[Date "2023.02.15"]
[WhiteClock "0:00:15"]
[BlackClock "0:01:18"]

1. e4 e5 2. Nf3 Nc6 3. Bc4 Bc5 4. c3 Nf6 5. d4 exd4 6. b4 Bb6 7. e5 Ne4 8. Bd5 Nxc3 9. Nxc3 dxc3 10. Bg5 Ne7 11. O-O h6 12. Bh4 g5 13. Nxg5 hxg5 14. Bxg5 d6 15. Qf3 Be6 16. Bxe6 fxe6 17. Qxb7 dxe5 18. Rad1 Bd4 19. Rfe1 Rb8 20. Qe4 Qd5 21. Qd3 Rg8 22. Bxe7 Qxg2# 0-1


[Site "https://www.chess.com"]

[Event "Titled Tuesday Blitz February 14 Early 2023"]
[White "Derjabin, Ilja"]
[Black "Ricaurte Lopez, Juan Carlos"]
[WhiteFideId "14104768"]
[BlackFideId "3600327"]
[WhiteElo "2333"]
[BlackElo "2226"]
[Result "1-0"]
[Round "01"]
[TimeControl "180+2"]
[Date "2023.02.15"]
[WhiteClock "0:00:49"]
[BlackClock "0:00:03"]

1. d4 d5 2. c4 c6 3. Nf3 e6 4. Nc3 f5 5. g3 Nf6 6. Bg2 Bd6 7. Bf4 O-O 8. O-O Qe7 9. c5 Bxf4 10. gxf4 b6 11. b4 bxc5 12. bxc5 a5 13. Ne5 Qc7 14. Rb1 Ba6 15. Na4 Nbd7 16. Nb6 Rab8 17. Qa4 Bxe2 18. Rfe1 Bb5 19. Qxa5 Rb7 20. a4 Ra7 21. Qb4 Ba6 22. Nexd7 Nxd7 23. Rxe6 Nf6 24. Qd2 Ne4 25. Qe3 Bc4 26. Bxe4 fxe4 27. Nxc4 dxc4 28. Rxe4 Rxa4 29. Re5 Qf7 30. f5 Qh5 31. Qg3 Rxf5 32. Rb8+ Kf7 33. Re7+ 1-0


[Site "https://www.chess.com"]

[Event "Titled Tuesday Blitz February 14 Early 2023"]
[White "Baruch, Liam"]
[Black "Zaragatski, Ilja"]
[WhiteFideId "14322064"]
[BlackFideId "4655192"]
[WhiteElo "1718"]
[BlackElo "2472"]
[Result "0-1"]
[Round "01"]
[TimeControl "180+2"]
[Date "2023.02.15"]
[WhiteClock "0:00:07"]
[BlackClock "0:00:43"]

1. e4 e6 2. d4 d5 3. Nc3 Nc6 4. Nf3 Nf6 5. e5 Ne4 6. Bd3 Bb4 7. Bd2 Nxd2 8. Qxd2 f6 9. a3 Bxc3 10. Qxc3 fxe5 11. Nxe5 Nxe5 12. dxe5 Qe7 13. f4 O-O 14. O-O c5 15. Qd2 Bd7 16. c3 Rad8 17. Rf2 Bc6 18. Raf1 g6 19. Be2 b5 20. Bf3 a5 21. Qc2 Rxf4 22. g3 Rf7 23. Bg2 Rdf8 24. Rxf7 Rxf7 25. Rxf7 Qxf7 26. Qf2 Qxf2+ 27. Kxf2 g5 28. Ke3 Kf7 29. Bf3 Ke7 30. Bg4 Kd7 31. h4 gxh4 32. gxh4 Ke7 33. Kf4 h6 34. Ke3 Be8 35. Kf4 Bg6 36. Bh3 Kd7 37. Bg4 Bf7 38. Bf3 Kc6 39. h5 Bg8 40. Ke3 Kb6 41. Kd3 Bh7+ 42. Ke3 Bf5 43. Kf4 b4 44. axb4 cxb4 45. cxb4 axb4 46. Bxd5 Kc5 47. Bf3 Kd4 48. b3 Kc3 49. Bd1 Bc2 50. Be2 Bxb3 51. Ke3 Bd5 52. Bd3 b3 53. Bb1 Kb2 54. Bg6 Kc1 55. Kd3 b2 56. Kd4 b1=Q 57. Bxb1 Kxb1 58. Kc5 Kc2 59. Kd6 Kd3 60. Ke7 Ke4 61. Kf6 Kf4 62. Kg6 Kxe5 63. Kxh6 Kf4 64. Kg6 e5 65. h6 Be4+ 66. Kf6 Bf5 67. h7 Bxh7 68. Ke6 Bd3 69. Kd5 e4 70. Kd4 Kf3 71. Kc3 e3 72. Kxd3 e2 0-1


[Site "https://www.chess.com"]

[Event "Titled Tuesday Blitz February 14 Early 2023"]
[White "Ljukin, Sergei"]
[Black "Barrera Rincones, Josmar Joel"]
[WhiteFideId "14102200"]
[BlackFideId "3975487"]
[WhiteElo "2362"]
[BlackElo "1399"]
[Result "1-0"]
[Round "01"]
[TimeControl "180+2"]
[Date "2023.02.15"]
[WhiteClock "0:00:09"]
[BlackClock "0:00:20"]

1. e4 b6 2. d4 Bb7 3. Bd3 e6 4. Nf3 c5 5. c3 Be7 6. O-O d6 7. Bf4 Nd7 8. Nbd2 Ngf6 9. h3 O-O 10. Re1 Re8 11. Qe2 Bf8 12. e5 Nd5 13. Bh2 Qc7 14. a3 dxe5 15. dxe5 Rad8 16. Rad1 Ne7 17. Ne4 Ng6 18. Neg5 Be7 19. h4 h6 20. h5 Ngf8 21. Ne4 Bd5 22. c4 Bc6 23. Bb1 Qb7 24. Nd6 Bxd6 25. Rxd6 b5 26. cxb5 Bxb5 27. Be4 Bxe2 28. Bxb7 Bxf3 29. Bxf3 Rb8 30. Bc6 Re7 31. Red1 Nb6 32. Rd8 Rxd8 33. Rxd8 Nc4 34. b4 Rc7 35. b5 Nb6 36. Bf4 Rc8 37. Rd1 f6 38. Be3 c4 39. exf6 gxf6 40. Bxh6 Kf7 41. Be3 e5 42. Rc1 Ne6 43. Bxb6 axb6 44. Rxc4 Nc5 45. a4 Rd8 46. a5 Rd1+ 47. Kh2 Nd3 48. axb6 Nxf2 49. b7 Rd8 50. Bd5+ Ke7 51. Rc8 Rxd5 52. b8=Q Ng4+ 53. Kg3 Rd3+ 54. Kxg4 f5+ 55. Kxf5 Rg3 56. Rc7+ 1-0


[Site "https://www.chess.com"]

[Event "Titled Tuesday Blitz February 14 Early 2023"]
[White "Necula, Iulian"]
[Black "Petrovic, Aleksa"]
[WhiteFideId "1232380"]
[BlackFideId "967629"]
[WhiteElo "1851"]
[BlackElo "2332"]
[Result "0-1"]
[Round "01"]
[TimeControl "180+2"]
[Date "2023.02.15"]
[WhiteClock "0:00:06"]
[BlackClock "0:00:23"]

1. d4 Nf6 2. Nc3 d5 3. Bf4 e6 4. Nb5 Bb4+ 5. c3 Ba5 6. a4 a6 7. b4 axb5 8. axb5 b6 9. bxa5 bxa5 10. e3 Nbd7 11. Nf3 Nb6 12. Bd3 O-O 13. O-O Bd7 14. Ne5 Be8 15. Qc2 h6 16. Rfb1 Nh5 17. c4 Nxf4 18. exf4 dxc4 19. Nxc4 Qxd4 20. Nxb6 cxb6 21. Ra4 Qf6 22. Be4 Rd8 23. g3 Rd4 24. Rxd4 Qxd4 25. Bc6 Bxc6 26. bxc6 Rc8 27. c7 Qd6 28. Rc1 b5 29. Qc5 Qxc5 30. Rxc5 a4 31. Rxb5 Rxc7 32. Ra5 Rc1+ 33. Kg2 Ra1 34. Ra8+ Kh7 35. h4 Kg6 36. g4 h5 37. g5 Kf5 38. Kg3 a3 39. f3 a2 40. Ra5+ Kg6 41. Kg2 f6 42. gxf6 gxf6 43. Kh2 e5 44. fxe5 fxe5 45. Kg2 Kf5 46. Ra4 Ke6 47. Kh2 Kd5 48. Kg2 Kc5 49. Ra8 Kd4 50. Kh2 Ke3 51. Kg2 Kd3 52. Ra3+ Kc2 0-1


[Site "https://www.chess.com"]

[Event "Titled Tuesday Blitz February 14 Early 2023"]
[White "Reprintsev, Alexander"]
[Black "Davalos Prieto, Abel Justo"]
[WhiteFideId "14100541"]
[BlackFideId "5102766"]
[WhiteElo "2253"]
[BlackElo "2029"]
[Result "0-1"]
[Round "01"]
[TimeControl "180+2"]
[Date "2023.02.15"]
[WhiteClock "0:00:12"]
[BlackClock "0:00:24"]

1. e4 c5 2. b3 Nc6 3. Bb2 e5 4. f4 d6 5. Qf3 Nf6 6. Bb5 Qc7 7. fxe5 dxe5 8. Bxc6+ bxc6 9. d3 Bd6 10. Nd2 O-O 11. Qg3 Nh5 12. Qf3 Nf6 13. h3 a5 14. a4 c4 15. dxc4 Bb4 16. O-O-O Qe7 17. g4 Ba3 18. Nb1 Bxb2+ 19. Kxb2 Rb8 20. g5 Nd7 21. h4 Nc5 22. Nc3 Be6 23. Qe2 Qb7 24. Kc1 Qb4 25. Qe3 Rfd8 26. Rxd8+ Rxd8 27. Nge2 Qa3+ 28. Kb1 Rb8 29. Nb5 cxb5 30. cxb5 Nxa4 31. Nc1 Qb2# 0-1


[Site "https://www.chess.com"]

[Event "Titled Tuesday Blitz February 14 Early 2023"]
[White "Jesusesmifuerza"]
[Black "Lehtosaari, Mauri"]
[BlackFideId "501999"]
[WhiteElo "2006"]
[BlackElo "2176"]
[Result "0-1"]
[Round "01"]
[TimeControl "180+2"]
[Date "2023.02.15"]
[WhiteClock "0:00:12"]
[BlackClock "0:00:14"]

1. d4 d5 2. Nc3 Nf6 3. Bf4 a6 4. e3 c5 5. dxc5 Bf5 6. g4 Bxg4 7. Be2 Bxe2 8. Ngxe2 e6 9. b4 Nc6 10. Rg1 Nxb4 11. Na4 Qa5 12. c3 Nd3+ 13. Qxd3 Qxa4 14. Rb1 Qxa2 15. Rxb7 Bxc5 16. Rxg7 Qa1+ 17. Qd1 Qxd1+ 18. Kxd1 Rf8 19. Bg5 Be7 20. Rxh7 a5 21. Kc2 Nxh7 22. Rxe7+ Kd8 23. Ra7+ Nxg5 24. Rxa8+ Ke7 25. Rxa5 Rh8 26. Kd2 Rxh2 27. Ke1 Ne4 28. Ng3 Nxf2 29. c4 Nd3+ 30. Kd1 dxc4 31. Ra4 c3 32. Rc4 Rd2# 0-1


[Site "https://www.chess.com"]

[Event "Titled Tuesday Blitz February 14 Early 2023"]
[White "Kokoszczynski, Jan"]
[Black "Vargas, Mauricio"]
[WhiteFideId "1174460"]
[BlackFideId "4404572"]
[WhiteElo "2247"]
[BlackElo "2035"]
[Result "1-0"]
[Round "01"]
[TimeControl "180+2"]
[Date "2023.02.15"]
[WhiteClock "0:00:46"]
[BlackClock "0:00:03"]

1. c4 e5 2. Nc3 f5 3. d4 e4 4. g3 Nf6 5. h4 h6 6. Nh3 Nc6 7. Nf4 d6 8. Ng6 Rg8 9. Nf4 Bd7 10. h5 Qe7 11. e3 Qf7 12. Be2 O-O-O 13. b3 Nh7 14. Bb2 Ng5 15. Qd2 Nf3+ 16. Bxf3 exf3 17. Qd1 Be7 18. Qxf3 Bg5 19. Ncd5 Rde8 20. O-O-O Re4 21. Kb1 Rd8 22. Bc3 Kb8 23. Kb2 Nb4 24. Bxb4 c6 25. Bxd6+ Ka8 26. Nc7+ Kb8 27. Nfe6 Bxe6 28. Nxe6+ Kc8 29. Nxg5 hxg5 30. Be5 g4 31. Qe2 Qd7 32. h6 c5 33. hxg7 1-0


[Site "https://www.chess.com"]

[Event "Titled Tuesday Blitz February 14 Early 2023"]
[White "Mohammadian, Mohammad"]
[Black "Petukhov, Dmitry"]
[WhiteFideId "12566055"]
[BlackFideId "4142748"]
[WhiteElo "1398"]
[BlackElo "2350"]
[Result "0-1"]
[Round "01"]
[TimeControl "180+2"]
[Date "2023.02.15"]
[WhiteClock "0:00:09"]
[BlackClock "0:01:28"]

1. e4 c5 2. Nf3 d6 3. d4 cxd4 4. Nxd4 Nf6 5. Nc3 Nc6 6. Be2 e5 7. Nb3 Be7 8. O-O O-O 9. Be3 Be6 10. f3 d5 11. exd5 Nxd5 12. Nxd5 Qxd5 13. Qxd5 Bxd5 14. Bd3 b6 15. Rad1 Rfd8 16. Rd2 Nb4 17. a3 Nxd3 18. Rxd3 Rac8 19. Rd2 Bxb3 20. Rxd8+ Rxd8 21. cxb3 Rd3 22. Re1 Rxb3 23. Bc1 f6 24. f4 Bc5+ 25. Kf1 exf4 26. Bxf4 Rxb2 27. Re8+ Kf7 28. Ra8 Rf2+ 29. Ke1 Rxf4 30. Rxa7+ Kg6 31. g3 Re4+ 32. Kd2 Re3 33. Rc7 Rxa3 34. Rd7 Ra2+ 35. Kd3 Rxh2 36. Ke4 Rf2 37. g4 Kh6 38. Rd5 g6 39. Rd7 Kg5 40. Rxh7 Kxg4 41. Rf7 f5+ 42. Kd3 f4 0-1


[Site "https://www.chess.com"]

[Event "Titled Tuesday Blitz February 14 Early 2023"]
[White "Toncheva, Nadya"]
[Black "Pantazi, Adrian"]
[WhiteFideId "2924056"]
[BlackFideId "1225596"]
[WhiteElo "2295"]
[BlackElo "1737"]
[Result "1-0"]
[Round "01"]
[TimeControl "180+2"]
[Date "2023.02.15"]
[WhiteClock "0:00:16"]
[BlackClock "0:00:03"]

1. e4 c6 2. d4 d5 3. Nc3 dxe4 4. Nxe4 Bf5 5. Ng3 Bg6 6. h4 h6 7. Nf3 Nd7 8. Bd3 Bxd3 9. Qxd3 Ngf6 10. Bf4 e6 11. O-O-O Qa5 12. Kb1 O-O-O 13. c4 Qa6 14. Qc3 Qb6 15. Rhe1 Bb4 16. Qe3 Bxe1 17. Rxe1 Ng4 18. Qe2 e5 19. Nxe5 Ngxe5 20. dxe5 Rhe8 21. Nf5 Nf8 22. Qg4 Ne6 23. Nd6+ Kb8 24. Nxe8 Rxe8 25. Be3 Qb4 26. Rd1 h5 27. Qe4 Nc5 28. Qc2 Na4 29. Bf4 Ka8 30. Bd2 Nxb2 31. Bxb4 Nxc4 32. Qxc4 a6 33. Qxf7 1-0


[Site "https://www.chess.com"]

[Event "Titled Tuesday Blitz February 14 Early 2023"]
[White "Nakamura, Hikaru"]
[Black "Hansen, Sune Berg"]
[WhiteFideId "2016192"]
[BlackFideId "1400266"]
[WhiteElo "2775"]
[BlackElo "2517"]
[Result "1-0"]
[Round "02"]
[TimeControl "180+2"]
[Date "2023.02.15"]
[WhiteClock "0:01:36"]
[BlackClock "0:00:16"]

1. Nf3 Nf6 2. b3 g6 3. Bb2 Bg7 4. d4 O-O 5. e3 b6 6. g3 Bb7 7. Bg2 c5 8. dxc5 bxc5 9. O-O d6 10. c4 Nbd7 11. Qc2 Qc7 12. Nc3 Rfd8 13. Rfe1 Bc6 14. e4 Qb7 15. Nd5 Re8 16. Rad1 Rab8 17. Bc3 Ra8 18. e5 Nxd5 19. cxd5 Bb5 20. e6 fxe6 21. Bxg7 Kxg7 22. dxe6 Nf6 23. Nd4 Qa6 24. Nxb5 Qxb5 25. Bxa8 Rxa8 26. Qc4 Qa5 27. Re2 Rb8 28. Rc1 Rb4 29. Qd3 Qb6 30. Rc4 Rb5 31. g4 g5 32. h4 h6 33. h5 1-0


[Site "https://www.chess.com"]